TOP OF THE 1ST |
Tri-City ValleyCats batting - Pitching for Connecticut Tigers : RHP Alan Grossfeld
|
Pitching: RHP Alan Grossfeld
|
|
Batting: RHB Justin Olmstead
|
0-0: Foul Ball, location: 2F 0-1: Swinging Strike 0-2: Foul Ball, location: 2F 0-2: Ball 1-2: Strikes out looking
|
Batting: LHB Jon Pope
|
0-0: Ball 1-0: Ball 2-0: Swinging Strike 2-1: Called Strike 2-2: Foul Ball, location: 2F 2-2: Strikes out swinging
|
Batting: RHB Raul Sanchez
|
0-0: SINGLE (Flyball, 4D, EV 87.5 MPH)
|
Batting: RHB Jordan Williams
|
0-0: Swinging Strike 0-1: Swinging Strike 0-2: Ball 1-2: Foul Ball, location: 2F 1-2: Ball 2-2: Strikes out swinging
|
Top of the 1st over - 0 runs, 1 hit, 0 errors, 1 left on base; Tri-City 0 - Connecticut 0 |
BOTTOM OF THE 1ST |
Connecticut Tigers batting - Pitching for Tri-City ValleyCats : RHP Adam Behrens
|
Pitching: RHP Adam Behrens
|
|
Batting: RHB John Welch
|
0-0: Ball 1-0: Ball 2-0: Called Strike 2-1: Ball 3-1: Called Strike 3-2: Base on Balls
|
Batting: RHB Aaron Cusick
|
0-0: Ball 1-0: Called Strike John Welch steals 2nd base 1-1: Called Strike 1-2: Ball 2-2: Strikes out swinging
|
Batting: RHB John Evancho
|
0-0: Called Strike 0-1: Foul Ball, location: 2F 0-2: Ground out 6-3 (Groundball, 6, EV 90.0 MPH) John Welch to third
|
Batting: RHB Eric Angelle
|
0-0: Ball 1-0: Ball 2-0: Called Strike 2-1: Foul Ball, location: 2F 2-2: Ground out 4-3 (Groundball, 4, EV 85.6 MPH)
|
Bottom of the 1st over - 0 runs, 0 hits, 0 errors, 1 left on base; Tri-City 0 - Connecticut 0 |
TOP OF THE 2ND |
Tri-City ValleyCats batting - Pitching for Connecticut Tigers : RHP Alan Grossfeld
|
Batting: LHB Vinny Siebecker
|
0-0: Ball 1-0: Foul Ball, location: 2F 1-1: Ground out 4-3 (Groundball, 4, EV 99.4 MPH)
|
Batting: RHB Ramon Castellon
|
0-0: SINGLE (Line Drive, 56D, EV 98.1 MPH)
|
Batting: RHB Jorge Gutierrez
|
0-0: Ball 1-0: Fielders Choice at 2nd, 1-6 (Groundball, 34S, EV 61.3 MPH)
|
Batting: LHB Kyle Moore
|
0-0: Called Strike Jorge Gutierrez steals 2nd base (no throw) 0-1: Ball 1-1: Ball 2-1: Ground out U3 (Groundball, 3L, EV 103.1 MPH)
|
Top of the 2nd over - 0 runs, 1 hit, 0 errors, 1 left on base; Tri-City 0 - Connecticut 0 |
BOTTOM OF THE 2ND |
Connecticut Tigers batting - Pitching for Tri-City ValleyCats : RHP Adam Behrens
|
Batting: SHB Sean Foley
|
0-0: Called Strike 0-1: Fly out, F8 (Flyball, 8RD, EV 66.9 MPH)
|
Batting: RHB Tanner Purchase
|
0-0: Foul Ball, location: 2F 0-1: Foul Ball, location: 2F 0-2: Foul Ball, location: 2F 0-2: Ball 1-2: Strikes out swinging
|
Batting: LHB Tokugoro Adachi
|
0-0: Ball 1-0: Called Strike 1-1: Foul Ball, location: 2F 1-2: Ball 2-2: Fly out, F7 (Flyball, 78M, EV 90.6 MPH)
|
Bottom of the 2nd over - 0 runs, 0 hits, 0 errors, 0 left on base; Tri-City 0 - Connecticut 0 |
TOP OF THE 3RD |
Tri-City ValleyCats batting - Pitching for Connecticut Tigers : RHP Alan Grossfeld
|
Batting: RHB Rob Baker
|
0-0: Ball 1-0: Foul Ball, location: 2F 1-1: Foul Ball, location: 2F 1-2: Strikes out looking
|
Batting: RHB Justin Olmstead
|
0-0: Called Strike 0-1: Ball 1-1: Ball 2-1: Ground out 5-3 (Groundball, 5, EV 113.8 MPH)
|
Batting: LHB Jon Pope
|
0-0: Ball 1-0: Ball 2-0: Ball 3-0: Called Strike 3-1: Swinging Strike 3-2: Strikes out looking
|
Top of the 3rd over - 0 runs, 0 hits, 0 errors, 0 left on base; Tri-City 0 - Connecticut 0 |
BOTTOM OF THE 3RD |
Connecticut Tigers batting - Pitching for Tri-City ValleyCats : RHP Adam Behrens
|
Batting: RHB Billy Verdusco
|
0-0: Ball 1-0: Called Strike 1-1: Foul Ball, location: 2F 1-2: Ball 2-2: Foul Ball, location: 2F 2-2: SINGLE (Groundball, 4D, EV 105.0 MPH)
|
Batting: RHB Brandon O'Malley
|
0-0: Called Strike 0-1: Foul Ball, location: 2F 0-2: Ball 1-2: SINGLE (Groundball, 6MD, EV 101.9 MPH) Billy Verdusco to second
|
Batting: RHB John Welch
|
0-0: TRIPLE (Line Drive, 78XD, EV 100.0 MPH) Billy Verdusco scores Brandon O'Malley scores
|
Batting: RHB Aaron Cusick
|
0-0: Called Strike 0-1: Fly out, F7 (Flyball, 78S, EV 81.9 MPH)
|
Batting: RHB John Evancho
|
0-0: Foul Ball, location: 2F 0-1: Ball 1-1: Called Strike 1-2: Ball Wild Pitch! John Welch scores 2-2: Strikes out swinging
|
Batting: RHB Eric Angelle
|
0-0: Ball 1-0: Swinging Strike 1-1: Ball 2-1: Ground out 6-3 (Groundball, 6, EV 90.6 MPH)
|
Bottom of the 3rd over - 3 runs, 3 hits, 0 errors, 0 left on base; Tri-City 0 - Connecticut 3 |
TOP OF THE 4TH |
Tri-City ValleyCats batting - Pitching for Connecticut Tigers : RHP Alan Grossfeld
|
Batting: RHB Raul Sanchez
|
0-0: Ball 1-0: Ball 2-0: Swinging Strike 2-1: Ball 3-1: Foul Ball, location: 2F 3-2: Strikes out looking
|
Batting: RHB Jordan Williams
|
0-0: Ball 1-0: Ground out 5-3 (Groundball, 56, EV 91.9 MPH)
|
Batting: LHB Vinny Siebecker
|
0-0: Swinging Strike 0-1: Called Strike 0-2: Foul Ball, location: 2F 0-2: SINGLE (Groundball, 34S, EV 62.5 MPH) (infield hit)
|
Batting: RHB Ramon Castellon
|
0-0: Ball 1-0: Ball 2-0: DOUBLE (Groundball, 5L, EV 93.8 MPH) Vinny Siebecker to third Runner from 3rd tries for Home, SAFE, throw by LF to home
|
Batting: RHB Jorge Gutierrez
|
0-0: Ball 1-0: Ball 2-0: Ground out 1-3 (Groundball, 34S, EV 73.1 MPH)
|
Top of the 4th over - 1 run, 2 hits, 0 errors, 1 left on base; Tri-City 1 - Connecticut 3 |
BOTTOM OF THE 4TH |
Connecticut Tigers batting - Pitching for Tri-City ValleyCats : RHP Adam Behrens
|
Batting: SHB Sean Foley
|
0-0: Called Strike 0-1: Ball 1-1: Ball 2-1: SINGLE (Groundball, 56D, EV 97.5 MPH)
|
Batting: RHB Tanner Purchase
|
0-0: SINGLE (Line Drive, 9S, EV 108.1 MPH) Sean Foley to second
|
Batting: LHB Tokugoro Adachi
|
0-0: Foul Ball, location: 2F 0-1: Foul Ball, location: 2F 0-2: Hit by Pitch Sean Foley to third Tanner Purchase to second
|
Batting: RHB Billy Verdusco
|
0-0: SINGLE (Groundball, 4S, EV 98.1 MPH) Sean Foley scores Tanner Purchase to third Tokugoro Adachi to second Runner from 3rd tries for Home, SAFE, throw by RF to home
|
Batting: RHB Brandon O'Malley
|
0-0: Called Strike 0-1: Called Strike 0-2: Strikes out swinging
|
Batting: RHB John Welch
|
0-0: Swinging Strike Passed Ball! Tokugoro Adachi to third Billy Verdusco to second 0-1: Swinging Strike 0-2: Foul Ball, location: 2F 0-2: Ball 1-2: Ball 2-2: Strikes out looking
|
Pitching: RHP Jon Davis
|
|
Batting: RHB Aaron Cusick
|
0-0: Called Strike 0-1: SINGLE (Flyball, 89S, EV 96.3 MPH) Tokugoro Adachi scores Billy Verdusco to third Runner from 3rd tries for Home, SAFE, throw by RF to home
|
Batting: RHB John Evancho
|
0-0: SINGLE (Line Drive, 34, EV 109.4 MPH) Aaron Cusick to second
|
Batting: RHB Eric Angelle
|
0-0: Ball 1-0: Called Strike 1-1: Ball 2-1: Ball 3-1: DOUBLE (Line Drive, 9LM, EV 106.3 MPH) Aaron Cusick scores John Evancho to third Runner from 3rd tries for Home, SAFE, throw by RF to trailing runner, OUT at third! 9-3-5
|
Bottom of the 4th over - 6 runs, 6 hits, 0 errors, 0 left on base; Tri-City 1 - Connecticut 9 |
TOP OF THE 5TH |
Tri-City ValleyCats batting - Pitching for Connecticut Tigers : RHP Alan Grossfeld
|
Batting: LHB Kyle Moore
|
0-0: Called Strike 0-1: Ball 1-1: Called Strike 1-2: Strikes out swinging
|
Batting: RHB Rob Baker
|
0-0: SINGLE (Groundball, 56S, EV 70.6 MPH) (infield hit)
|
Batting: RHB Justin Olmstead
|
0-0: Called Strike Rob Baker steals 2nd base (no throw) 0-1: Ground out 4-3 (Groundball, 4S, EV 89.4 MPH) Rob Baker to third
|
Batting: LHB Jon Pope
|
0-0: Ball 1-0: Ball 2-0: Ball 3-0: Base on Balls
|
Batting: RHB Raul Sanchez
|
0-0: Ball 1-0: Ball 2-0: DOUBLE (Line Drive, 78XD, EV 106.9 MPH) Rob Baker scores Jon Pope to third
|
Batting: RHB Jordan Williams
|
0-0: Ball 1-0: Called Strike 1-1: Foul Ball, location: 2F 1-2: Ball 2-2: Strikes out swinging
|
Top of the 5th over - 1 run, 2 hits, 0 errors, 2 left on base; Tri-City 2 - Connecticut 9 |
BOTTOM OF THE 5TH |
Connecticut Tigers batting - Pitching for Tri-City ValleyCats : RHP Jon Davis
|
Batting: SHB Sean Foley
|
0-0: Swinging Strike 0-1: Swinging Strike 0-2: Strikes out swinging
|
Batting: RHB Tanner Purchase
|
0-0: Called Strike 0-1: Foul Ball, location: 2F 0-2: Ball 1-2: Ball 2-2: Ball 3-2: DOUBLE (Line Drive, 9LS, EV 111.3 MPH)
|
Batting: LHB Tokugoro Adachi
|
0-0: Ball 1-0: Foul Ball, location: 2F 1-1: Foul Ball, location: 2F 1-2: Ball 2-2: Strikes out swinging
|
Pitching: RHP Justin Coney
|
|
Batting: RHB Billy Verdusco
|
0-0: Ball 1-0: Ball 2-0: Called Strike 2-1: Ball 3-1: Fly out, F8 (Flyball, 8RD, EV 78.1 MPH)
|
Bottom of the 5th over - 0 runs, 1 hit, 0 errors, 1 left on base; Tri-City 2 - Connecticut 9 |
TOP OF THE 6TH |
Tri-City ValleyCats batting - Pitching for Connecticut Tigers : RHP Alan Grossfeld
|
Pitching: RHP Matt Sturge
|
|
Batting: LHB Vinny Siebecker
|
0-0: Ball 1-0: Ball 2-0: Ball 3-0: Base on Balls
|
Batting: RHB Ramon Castellon
|
0-0: Ball 1-0: Foul Ball, location: 2F 1-1: Ball 2-1: Called Strike 2-2: Ball 3-2: Base on Balls Vinny Siebecker to second
|
Batting: RHB Jorge Gutierrez
|
0-0: Called Strike 0-1: Ball 1-1: Ball 2-1: Foul Ball, location: 2F 2-2: Foul Ball, location: 2F 2-2: Foul Ball, location: 2F 2-2: Fly out, F8 (Flyball, 8LD, EV 94.4 MPH)
|
Batting: LHB Kyle Moore
|
0-0: Ball 1-0: Ball 2-0: Foul Ball, location: 2F 2-1: Ball 3-1: Fly out, F8 (Flyball, 8LXD, EV 92.5 MPH)
|
Batting: RHB Rob Baker
|
0-0: SINGLE (Groundball, 6D, EV 97.5 MPH) Vinny Siebecker to third Ramon Castellon to second Runner from 3rd tries for Home, SAFE, throw by LF to home
|
Batting: RHB Justin Olmstead
|
0-0: Called Strike 0-1: Ball 1-1: Swinging Strike 1-2: Ball 2-2: Fly out, F4 (Popup, 4, EV 63.8 MPH)
|
Top of the 6th over - 1 run, 1 hit, 0 errors, 2 left on base; Tri-City 3 - Connecticut 9 |
BOTTOM OF THE 6TH |
Connecticut Tigers batting - Pitching for Tri-City ValleyCats : RHP Justin Coney
|
Batting: RHB Brandon O'Malley
|
0-0: Called Strike 0-1: Called Strike 0-2: Ball 1-2: Strikes out swinging
|
Batting: RHB John Welch
|
0-0: Called Strike 0-1: Ball 1-1: Foul Ball, location: 2F 1-2: Ball 2-2: SINGLE (Line Drive, 89S, EV 103.1 MPH)
|
Batting: RHB Aaron Cusick
|
0-0: Called Strike 0-1: TRIPLE (Line Drive, 89XD, EV 104.4 MPH) John Welch scores
|
Batting: RHB John Evancho
|
0-0: SINGLE (Groundball, 34S, EV 70.0 MPH) (infield hit)
|
Batting: RHB Eric Angelle
|
0-0: SINGLE (Groundball, 6M, EV 85.0 MPH) (infield hit) Aaron Cusick scores John Evancho to second
|
Batting: SHB Sean Foley
|
0-0: SINGLE (Line Drive, 56, EV 98.8 MPH) John Evancho to third Eric Angelle to second
|
Batting: RHB Tanner Purchase
|
0-0: Ball 1-0: Called Strike 1-1: Fly out, F7 (Line Drive, 78M, EV 103.1 MPH) Throwing error, E7 John Evancho scores Eric Angelle to third Sean Foley to second
|
Batting: LHB Tokugoro Adachi
|
0-0: Called Strike 0-1: Ball 1-1: Swinging Strike 1-2: Foul Ball, location: 2F 1-2: Ball 2-2: Ball 3-2: Strikes out swinging
|
Bottom of the 6th over - 3 runs, 5 hits, 1 error, 2 left on base; Tri-City 3 - Connecticut 12 |
TOP OF THE 7TH |
Tri-City ValleyCats batting - Pitching for Connecticut Tigers : RHP Matt Sturge
|
Batting: LHB Jon Pope
|
0-0: Ground out 5-3 (Groundball, 56, EV 101.9 MPH)
|
Batting: RHB Raul Sanchez
|
0-0: Ball 1-0: Called Strike 1-1: Swinging Strike 1-2: Ball 2-2: Strikes out swinging
|
Batting: RHB Jordan Williams
|
0-0: Ground out 5-3 (Groundball, 56, EV 81.3 MPH)
|
Top of the 7th over - 0 runs, 0 hits, 0 errors, 0 left on base; Tri-City 3 - Connecticut 12 |
BOTTOM OF THE 7TH |
Connecticut Tigers batting - Pitching for Tri-City ValleyCats : RHP Justin Coney
|
Batting: RHB Billy Verdusco
|
0-0: Called Strike 0-1: Ball 1-1: Ball 2-1: Ground out 4-3 (Groundball, 4, EV 91.9 MPH)
|
Batting: RHB Brandon O'Malley
|
0-0: Called Strike 0-1: Foul Ball, location: 2F 0-2: SINGLE (Line Drive, 3D, EV 95.6 MPH)
|
Pinch Hitting: RHB Jeremy Guidone
|
0-0: Called Strike 0-1: Foul Ball, location: 2F 0-2: Foul Ball, location: 2F 0-2: SINGLE (Groundball, 5S, EV 66.3 MPH) (infield hit) Brandon O'Malley to second
|
Batting: RHB Aaron Cusick
|
0-0: Foul Ball, location: 2F 0-1: Ball 1-1: Ball 2-1: Ball 3-1: Swinging Strike 3-2: Base on Balls Brandon O'Malley to third Jeremy Guidone to second
|
Batting: RHB John Evancho
|
0-0: Ball 1-0: Ball 2-0: Ball 3-0: TRIPLE (Line Drive, 8LXD, EV 105.6 MPH) Brandon O'Malley scores Jeremy Guidone scores Aaron Cusick scores
|
Pitching: RHP Ruben Pujols
|
|
Batting: RHB Eric Angelle
|
0-0: Ball 1-0: Foul Ball, location: 2F 1-1: Foul Ball, location: 2F 1-2: Ball 2-2: Ball 3-2: SINGLE (Line Drive, 3D, EV 105.0 MPH) John Evancho scores
|
Batting: SHB Sean Foley
|
0-0: Ball 1-0: Ball 2-0: Ball 3-0: Called Strike 3-1: Fly out, F9 (Flyball, 9LD, EV 102.5 MPH)
|
Batting: RHB Tanner Purchase
|
0-0: Foul Ball, location: 2F 0-1: Fly out, F9 (Line Drive, 9, EV 106.9 MPH)
|
Bottom of the 7th over - 4 runs, 4 hits, 0 errors, 1 left on base; Tri-City 3 - Connecticut 16 |
TOP OF THE 8TH |
Tri-City ValleyCats batting - Pitching for Connecticut Tigers : RHP Matt Sturge
|
Now at 1B: Dan Crutchfield
|
|
Batting: LHB Vinny Siebecker
|
0-0: Called Strike 0-1: Ball 1-1: Foul Ball, location: 2F 1-2: Ball 2-2: Strikes out swinging
|
Batting: RHB Ramon Castellon
|
0-0: Swinging Strike 0-1: Foul Ball, location: 2F 0-2: Ball 1-2: Ball 2-2: Foul Ball, location: 2F 2-2: Foul Ball, location: 2F 2-2: Strikes out looking
|
Batting: RHB Jorge Gutierrez
|
0-0: Called Strike 0-1: Hit by Pitch
|
Batting: LHB Kyle Moore
|
0-0: Swinging Strike 0-1: Ground out 4-3 (Groundball, 4, EV 75.6 MPH)
|
Top of the 8th over - 0 runs, 0 hits, 0 errors, 1 left on base; Tri-City 3 - Connecticut 16 |
BOTTOM OF THE 8TH |
Connecticut Tigers batting - Pitching for Tri-City ValleyCats : RHP Ruben Pujols
|
Batting: LHB Tokugoro Adachi
|
0-0: Ball 1-0: Fly out, F7 (Flyball, 7D, EV 96.9 MPH)
|
Batting: RHB Billy Verdusco
|
0-0: Called Strike 0-1: Swinging Strike 0-2: Ball 1-2: Ball 2-2: Ball 3-2: Fly out, F3 (Popup, 34, EV 57.5 MPH)
|
Batting: RHB Brandon O'Malley
|
0-0: Ball 1-0: Called Strike 1-1: Fly out, F7 (Line Drive, 7D, EV 94.4 MPH)
|
Bottom of the 8th over - 0 runs, 0 hits, 0 errors, 0 left on base; Tri-City 3 - Connecticut 16 |
TOP OF THE 9TH |
Tri-City ValleyCats batting - Pitching for Connecticut Tigers : RHP Matt Sturge
|
Batting: RHB Rob Baker
|
0-0: SINGLE (Groundball, 6M, EV 82.5 MPH) (infield hit)
|
Pitching: RHP Tony Kepp
|
|
Batting: RHB Justin Olmstead
|
0-0: Ball 1-0: Called Strike 1-1: Called Strike 1-2: Ball 2-2: Ball 3-2: Foul Ball, location: 2F 3-2: Strikes out swinging
|
Batting: LHB Jon Pope
|
0-0: Called Strike 0-1: Ball 1-1: Ball 2-1: Foul Ball, location: 2F 2-2: Strikes out swinging
|
Batting: RHB Raul Sanchez
|
0-0: Fielders Choice at 2nd, 6-4 (Groundball, 56, EV 101.9 MPH)
|
Top of the 9th over - 0 runs, 1 hit, 0 errors, 1 left on base; Tri-City 3 - Connecticut 16 |
|